 Dungeon Crawl Stone Soup version 0.29-a0-1016-g236c7fd91e (webtiles) character file.

Game seed: 7770035090929312660

25 drugrobin the Chopper (level 2, -1/25 HPs)
             Began as a Demigod Fighter on Aug 9, 2022.
             Slain by a gnoll
             ... wielding a +0 flail
              (4 damage)
             ... on level 1 of the Dungeon.
             The game lasted 00:02:31 (768 turns).

drugrobin the Chopper (Demigod Fighter)              Turns: 768, Time: 00:02:31

Health: -1/25      AC:  7    Str: 17    XL:     2   Next: 63%
Magic:  4/4        EV:  8    Int: 10    God:
Gold:   38         SH:  4    Dex: 13    Spells: 1/1 levels left

rFire   . . .      SeeInvis .   a - +0 war axe
rCold   . . .      Faith    .   c - +0 buckler
rNeg    . . .      Spirit   .   b - +0 scale mail
rPois   .          Reflect  .   (no helmet)
rElec   .          Harm     .   e - +0 cloak
rCorr   .          Rampage  .   (no gloves)
Will    .....                   (no boots)
Stlth   ..........              (no amulet)
HPRegen 0.08/turn               (no ring)
MPRegen 0.09/turn               (no ring)

@: hasted, very quick
A: high MP 1, forlorn, divine attributes
a: no special abilities


You were on level 1 of the Dungeon.
You visited 1 branch of the dungeon, and saw 2 of its levels.

You collected 38 gold pieces.

Inventory:

Hand Weapons
 a - a +0 war axe (weapon)
Missiles
 k - 6 poisoned darts (quivered)
Armour
 b - a +0 scale mail (worn)
 c - a +0 buckler (worn)
 e - a +0 cloak (worn)
Jewellery
 i - a ring of fire
 n - a ring of ice
Scrolls
 f - 2 scrolls of teleportation {unknown}
 j - 2 scrolls of identify {unknown}
 l - 2 scrolls of enchant armour {unknown}
 q - a scroll of noise {unknown}
Potions
 d - a potion of might
 h - a potion of invisibility {unknown}
 m - a potion of magic {unknown}
 o - a potion of curing {unknown}
 p - a potion of attraction {unknown}


   Skills:
 - Level 2.6 Fighting
 * Level 3.1 Axes
 - Level 2.6 Armour
 - Level 2.6 Shields


You had one spell level left.
You didn't know any spells.
Your spell library contained the following spells:

 Spells                   Type           Power      Damage    Failure   Level
 Dazzling Flash           Conj/Hex       0%         N/A       99%         3
 Agony                    Necr           0%         N/A       100%        5
 Silence                  Hex/Air        0%         N/A       100%        5


Dungeon Overview and Level Annotations

Branches:
Dungeon (2/15)

Shops:
D:2 =


Innate Abilities, Weirdness & Mutations

You have an increased reservoir of magic. (+10% MP)
You shall have no god before yourself.
Your divine heritage dramatically boosts your attributes as you level up.


Message History

There are monsters nearby!
Unknown command.
Unknown command.
There is a stone staircase leading up here.
You hit the gnoll.
The gnoll is lightly wounded.
The gnoll closely misses you. The gnoll barely misses you.
Unknown command.
Unknown command.
The gnoll hits you with a +0 flail. The gnoll closely misses you.
You climb upwards.
Found an orange potion.
There is a stone staircase leading down here.
Unknown command.
Unknown command.
You hit the gnoll.
The gnoll is severely wounded.
You hit the gnoll. The gnoll hits you with a +0 flail!
* * * LOW HITPOINT WARNING * * *
You block the gnoll's attack.
Unknown command.
Unknown command.
Unknown command.
Unknown command.
Unknown command.
Unknown command.
Unknown command.
Unknown command.
Unknown command.
Unknown command.
Okay, then.
Unknown command.
Unknown command.
Unknown command.
Unknown command.
It was a potion of haste.
You feel yourself speed up. The gnoll hits you with a +0 flail.
* * * LOW HITPOINT WARNING * * *
The gnoll hits you with a +0 flail.
You die...

.........##.....#
#........##.....#
$.......##.....#
.$....####.....#
...... #..=..# #
#.....## #####..#
######gg#
.......@#
!.#######


You could see 2 gnolls.

Vanquished Creatures
  An adder (D:2)
  A dart slug (D:2)
  3 endoplasms
  A giant cockroach (D:1)
  A hobgoblin (D:2)
  A kobold (D:2)
  A quokka (D:2)
  2 ball pythons
  A frilled lizard (D:2)
  A rat (D:2)
13 creatures vanquished.

Notes
Turn   | Place    | Note
-------+----------+-------------------------------------------
     0 | D:1      | drugrobin the Demigod Fighter began the quest for the Orb.
     0 | D:1      | Reached XP level 1. HP: 18/18 MP: 3/3
    54 | D:1      | Reached skill level 2 in Axes
    97 | D:1      | You fall into a shaft and drop 1 floor!
    97 | D:2      | Found Muesch's Jewellery Shop.
   251 | D:2      | Reached XP level 2. HP: 17/25 MP: 4/4
   482 | D:2      | Reached skill level 3 in Axes
   768 | D:1      | Slain by a gnoll

Illustrated notes

Levels and vault maps discovered:
D:1:      saegor_arrival_simple_d, layout_basic
D:2:      layout_rooms, serial_shops, nicolae_shop_competitors_out_of_business,
          kennysheep_generic_room_10

Skill      XL: |  1  2 |
---------------+-------+-----
Axes           | 2 3 |  3.1
Fighting       | |  2.6
Armour         | |  2.6
Shields        | |  2.6

Action                   || total
-------------------------++-------
Melee: War axe           ||    34
Throw: Dart              ||     1
  Use: Potion            ||     1
Armor: Scale mail        ||    11
Dodge: Dodged            ||    15
Block: Buckler           ||    11

Table legend: (Time is in decaauts)
 A = Elapsed time spent in this place.
 B = Non-inter-level travel time spent in this place.
 C = Inter-level travel time spent in this place.
 D = Time resting spent in this place.
 E = Time spent auto-exploring this place.
 F = Levels seen in this place.
 G = Mean time per level.
                   A        B        C        D        E       F      G
               +--------+--------+--------+--------+--------+-----+--------+
         Total |    782 |    782 |      0 |      0 |    553 |   2 |  391.0 |
       Dungeon |    782 |    782 |      0 |      0 |    553 |   2 |  391.0 |
               +--------+--------+--------+--------+--------+-----+--------+

Top non-repeatable levels by time:
     D:2: 678 daAuts
     D:1: 104 daAuts
